 Dungeon Sprint DCSS version 0.29-a0-233-g1125b37a9b (webtiles) character file.

Game seed: 6254502298141324343

642 mhtbhm the Basher (level 7, -9/117 HPs)
             Began as a Troll Berserker on Mar 1, 2022.
             Was a Believer of Trog.
             Shot with an arrow by a centaur warrior (17 damage)
             ... in the Dungeon (Sprint I: "Red Sonja").
             The game lasted 00:00:51 (469 turns).

mhtbhm the Basher (Troll Berserker)                  Turns: 469, Time: 00:00:52

Health: -9/117     AC:  4    Str: 28    XL:     7   Next: 26%
Magic:  6/6        EV: 11    Int:  3    God:    Trog [**....]
Gold:   405        SH:  0    Dex:  9    Spells: 6/6 levels left

rFire   . . .      SeeInvis .   a - +0 mace
rCold   . . .      Faith    .   (no shield)
rNeg    . . .      Spirit   .   b - +0 animal skin
rPois   .          Reflect  .   (helmet restricted)
rElec   .          Harm     .   (no cloak)
rCorr   .          Rampage  .   (gloves unavailable)
Will    .....      NoTele   +   (boots unavailable)
Stlth   ..........              (no amulet)
HPRegen 1.09/turn               (no ring)
MPRegen 0.10/turn               (no ring)

@: berserking, very quick
A: large, unfitting armour, claws 3, regeneration 1, shaggy fur 1, tough skin 1
a: Renounce Religion, Berserk, Trog's Hand


You were in the Dungeon.
You worshipped Trog.
Trog was pleased with you.
You visited 1 branch You collected 405 gold pieces.

Inventory:

Hand Weapons
 a - a +0 mace (weapon)
Armour
 b - a +0 animal skin (worn)
Wands
 i - a wand of flame (24)
Scrolls
 h - a scroll of blinking
 k - a scroll of fog {unknown}
Potions
 c - a potion of curing
 d - a potion of heal wounds
 e - a potion of haste
 f - 2 potions of magic
 g - a potion of berserk rage
 j - a potion of invisibility


   Skills:
 + Level 7.5 Fighting
 + Level 10.2 Maces & Flails
 + Level 7.1 Dodging
 + Level 0.3 Stealth


You had 6 spell levels left.
You didn't know any spells.
Your spell library was empty.

Dungeon Overview and Level Annotations

Branches:
Dungeon (1/1)

Altars:
Cheibriados
Dithmenos
Elyvilon
Fedhas
Gozag
Hepliaklqana
Kikubaaqudgha
Makhleb
Nemelex Xobeh
Okawaru
Qazlal
Ru
Sif Muna
Trog
Uskayaw
Vehumet
Wu Jian
Xom
Yredelemnul
Zin
The Shining One
Jiyva
Lugonu

Shops:
D ?


Innate Abilities, Weirdness & Mutations

You are too large for most types of armour.
You have claws for hands.
Your natural rate of healing is unusually fast.
You are covered in fur. (AC +1)
You have tough skin. (AC +1)


Message History

The centaur warrior hits you. The centaur warrior kicks you.
You sock the centaur warrior!
The centaur warrior is heavily wounded.
The centaur warrior hits you but does no damage.
The centaur warrior closely misses you.
You hit the centaur warrior.
The centaur warrior is heavily wounded.
The centaur warrior hits you.
The centaur warrior kicks you but does no damage.
You barely miss the centaur warrior.
The centaur warrior is heavily wounded.
The centaur warrior hits you.
The centaur warrior kicks you but does no damage.
You hit the centaur warrior.
The centaur warrior is severely wounded.
The centaur warrior hits you!
* * * LOW HITPOINT WARNING * * *
The centaur warrior barely misses you.
You barely miss the centaur warrior.
The centaur warrior is heavily wounded.
The centaur warrior barely misses you. The centaur warrior misses you.
You hit the centaur warrior.
The centaur warrior is severely wounded.
You hit the centaur warrior.
The centaur warrior is severely wounded.
The centaur warrior barely misses you. The centaur warrior kicks you.
* * * LOW HITPOINT WARNING * * *
You hit the centaur warrior.
The centaur warrior is almost dead.
The centaur warrior wields a +0 shortbow.
The centaur warrior shoots an arrow.
The arrow hits you!
* * * LOW HITPOINT WARNING * * *
The centaur warrior hits you.
* * * LOW HITPOINT WARNING * * *
The centaur warrior kicks you.
* * * LOW HITPOINT WARNING * * *
You closely miss the centaur warrior.
The centaur warrior is almost dead.
The centaur warrior shoots an arrow.
The arrow hits you!
You die...

######################
#<.#..)..#..'..#__#..+
#..').#..').#..'..'..#
#..#####'#####'#__####
#..####..#...#[####:$#
#..#__####..##.#≈§§§.#
#..#_____##'#_c§c≈§..'
#⌠⌠#_.∩...'...@#≈≈≈§c#
####_..__##_.#'# +####
#_____###+#(# #######
###


You could see 2 centaur warriors.

Vanquished Creatures
  A slime creature (D)
  Sigmund (D)
  A yak (D)
  An ogre (D)
  A jelly (D)
  Ijyb (D)
6 creatures vanquished.

Notes
Turn   | Place    | Note
-------+----------+-------------------------------------------
     0 | D        | mhtbhm the Troll Berserker began the quest for the Orb.
     0 | D        | Reached XP level 1. HP: 22/22 MP: 0/0
     1 | D        | Noticed Ijyb
    17 | D        | Killed Ijyb
    18 | D        | Reached skill level 4 in Maces & Flails
    18 | D        | Reached XP level 2. HP: 20/31 MP: 1/1
   157 | D        | Noticed an ogre
   161 | D        | Killed an ogre
   162 | D        | Reached skill level 6 in Maces & Flails
   162 | D        | Reached XP level 3. HP: 41/41 MP: 2/2
   162 | D        | Reached XP level 4. HP: 49/49 MP: 3/3
   207 | D        | Noticed Sigmund
   215 | D        | Killed Sigmund
   215 | D        | Reached ** piety under Trog
   216 | D        | Reached skill level 8 in Maces & Flails
   216 | D        | Reached XP level 5. HP: 59/59 MP: 4/4
   216 | D        | Reached XP level 6. HP: 67/67 MP: 5/5
   274 | D        | Found a burning altar of Makhleb.
   274 | D        | Found a viscous altar of Jiyva.
   274 | D        | Found a shimmering altar of Xom.
   274 | D        | Found a corrupted altar of Lugonu.
   274 | D        | Noticed a slime creature
   286 | D        | Killed a slime creature
   287 | D        | Reached skill level 9 in Maces & Flails
   338 | D        | Found an ornate altar of the Wu Jian Council.
   338 | D        | Found a shimmering blue altar of Sif Muna.
   340 | D        | Found a radiant altar of Vehumet.
   374 | D        | Found Rask's Magic Scroll Emporium.
   374 | D        | Found an ancient bone altar of Kikubaaqudgha.
   374 | D        | Found a hazy altar of Hepliaklqana.
   374 | D        | Found a stormy altar of Qazlal.
   374 | D        | Found a hide-covered altar of Uskayaw.
   374 | D        | Found a blossoming altar of Fedhas.
   374 | D        | Found a bloodstained altar of Trog.
   374 | D        | Found an iron altar of Okawaru.
   374 | D        | Found a basalt altar of Yredelemnul.
   374 | D        | Found a glowing golden altar of the Shining One.
   374 | D        | Found a snail-covered altar of Cheibriados.
   374 | D        | Found a sacrificial altar of Ru.
   374 | D        | Found a glowing silver altar of Zin.
   374 | D        | Found a shadowy altar of Dithmenos.
   374 | D        | Found a white marble altar of Elyvilon.
   374 | D        | Noticed a yak
   391 | D        | Killed a yak
   392 | D        | Reached skill level 10 in Maces & Flails
   392 | D        | Reached XP level 7. HP: 30/78 MP: 6/6
   392 | D        | Found an opulent altar of Gozag.
   393 | D        | Found a sparkling altar of Nemelex Xobeh.
   449 | D        | Noticed a centaur warrior
   449 | D        | Noticed a centaur warrior
   469 | D        | Shot with an arrow by a centaur warrior

Illustrated notes

Levels and vault maps discovered:
D:        dungeon_sprint_1 [red_sonja_temple_1, red_sonja_temple_small_1]

Skill      XL: |  1  2  3  4  5  6 |
---------------+-------------------+-----
Fighting       | 3 4 6 7 |  7.5
Maces & Flails | 4 6 8 10 | 10.2
Dodging        | 3 4 6 7 |  7.1
Stealth        | |  0.3

Action                   |  1- 3 |  4- 6 |  7- 9 || total
-------------------------+-------+-------+-------++-------
Melee: Mace              |    17 |    37 |    12 ||    66
Invok: Berserk           |     2 |     2 |     1 ||     5
Armor: Animal skin       |       |     1 |     6 ||     7
Dodge: Dodged            |     5 |    14 |     8 ||    27

Table legend: (Time is in decaauts)
 A = Elapsed time spent in this place.
 B = Non-inter-level travel time spent in this place.
 C = Inter-level travel time spent in this place.
 D = Time resting spent in this place.
 E = Time spent auto-exploring this place.
 F = Levels seen in this place.
 G = Mean time per level.
                   A        B        C        D        E       F      G
               +--------+--------+--------+--------+--------+-----+--------+
         Total |    508 |    508 |      0 |    332 |      1 |   1 |  508.0 |
       Dungeon |    508 |    508 |      0 |    332 |      1 |   1 |  508.0 |
               +--------+--------+--------+--------+--------+-----+--------+

Top non-repeatable levels by time:
       D: 508 daAuts
